 Dungeon Crawl Stone Soup version 0.23.2-40-g277498a001 (webtiles) character file.

Game seed: 745225451890817510

684 IronFelid the Gouger (level 7, -6/31 HPs)
             Began as a Felid Monk on Aug 23, 2019.
             Was a Follower of Kikubaaqudgha.
             Mangled by Harold
             ... wielding a +0 long sword
              (19 damage)
             ... on level 7 of the Dungeon.
             The game lasted 01:15:54 (5758 turns).

IronFelid the Gouger (Felid Monk)                   Turns: 5758, Time: 01:15:57

Health: -6/31      AC:  2    Str:  7    XL:     7   Next: 35%
Magic:  9/9        EV: 20    Int: 11    God:    Kikubaaqudgha [*.....]
Gold:   388        SH:  0    Dex: 21    Spells: 7/8 levels left
                                        Lives:  0   Deaths: 2

rFire    . . .     SeeInvis +     - Unarmed
rCold    . . .     Gourm    .   (shield unavailable)
rNeg     . . .     Faith    .   (armour unavailable)
rPois    .         Spirit   .   (helmet unavailable)
rElec    .         Reflect  .   (cloak unavailable)
rCorr    .         Harm     .   (gloves unavailable)
MR       +....                  (boots unavailable)
Stlth    ++++......             h - amulet of regeneration
HPRegen  0.50/turn              (no ring)
MPRegen  0.11/turn              (no ring)

@: confusing touch, marked, quick
A: very small, no armour, no weapons or thrown items, stealth, claws 1, fangs 3,
see invisible, carnivore, speed 1, shaggy fur 2, slow metabolism 1, sharp paws
a: Receive Corpses, Renounce Religion


You were on level 7 of the Dungeon.
You worshipped Kikubaaqudgha.
Kikubaaqudgha was aware of your devotion.
You were not hungry.

You visited 2 branches of the dungeon, and saw 8 of its levels.
You also visited: Ossuary.

You collected 388 gold pieces.

Inventory:

Jewellery
 h - an amulet of regeneration (around neck)
 i - a cursed ring of attention {unknown}
 p - an uncursed ring of fire {unknown}
 x - a +6 ring of slaying {unknown}
 y - a +5 amulet of reflection {unknown}
Wands
 q - a wand of random effects (19)
 u - a wand of iceblast (8)
 C - a wand of paralysis (13)
 D - a wand of scattershot (3)
Scrolls
 c - 3 scrolls of teleportation
 d - a scroll of enchant weapon {unknown}
 e - a scroll of identify {unknown}
 g - 2 scrolls of fog {unknown}
 k - 4 scrolls of remove curse
 l - a scroll of blinking {unknown}
 s - a scroll of random uselessness {unknown}
Potions
 b - 2 potions of lignification {unknown}
 f - 3 potions of invisibility {unknown}
 j - 6 potions of curing {unknown}
 m - 2 potions of degeneration {unknown}
 n - 2 potions of ambrosia {unknown}
 o - a potion of haste {unknown}
 r - a potion of mutation {unknown}
 t - 2 potions of agility {unknown}
 v - 3 potions of flight {unknown}
 w - 3 potions of heal wounds
 z - 3 potions of brilliance {unknown}
 A - a potion of resistance {unknown}
Comestibles
 a - 18 rations


   Skills:
 - Level 3.0 Fighting
 - Level 4.0 Dodging
 + Level 7.2 Stealth
 + Level 11.2 Unarmed Combat
 - Level 1.1 Spellcasting
 - Level 3.0 Hexes


You had 7 spell levels left.
You knew the following spells:

 Your Spells              Type           Power        Failure   Level  Hunger
a - Confusing Touch       Hex            #.....       10%         1    ##.....

Your spell library contained the following spells:

 Spells                   Type           Power        Failure   Level  Hunger
 Confuse                  Hex            #.......     28%         3    ####...
 Animate Skeleton         Necr           N/A          32%         1    ##.....
 Beastly Appendage        Tmut           #.....       32%         1    ##.....
 Pain                     Necr           #...         32%         1    ##.....
 Sticks to Snakes         Tmut           #.......     43%         2    ###....
 Sublimation of Blood     Necr           #.........   43%         2    ###....
 Gell's Gravitas          Tloc           #.........   67%         3    ####...
 Spider Form              Tmut/Pois      #.........   67%         3    ####...
 Vampiric Draining        Necr           #.........   67%         3    ####...
 Ice Form                 Ice/Tmut       #.......     97%         4    #####..
 Petrify                  Tmut/Erth      #.......     97%         4    #####..
 Metabolic Englaciation   Hex/Ice        #.........   99%         5    ######.
 Yara's Violent Unravell  Hex/Tmut       #.........   99%         5    ######.
 Blade Hands              Tmut           #.........   100%        5    ######.


Dungeon Overview and Level Annotations

Branches:
Dungeon (7/15)             Temple (1/1) D:6

Altars:
Ashenzari
Cheibriados
Dithmenos
Elyvilon
Fedhas
Gozag
Hepliaklqana
Kikubaaqudgha
Okawaru
Qazlal
Ru
Sif Muna
Trog
Uskayaw
Vehumet
Wu Jian
Xom
Yredelemnul
Zin
The Shining One

Shops:
D:4 }   D:6 [

Annotations:
D:2 Natasha
D:7 Harold


Innate Abilities, Weirdness & Mutations

You cannot wear armour.
You are incapable of wielding weapons or throwing items.
Your paws allow you to move quietly. (Stealth)
You have sharp claws.
You have razor-sharp teeth.
You have supernaturally acute eyesight. (SInv)
You are carnivorous and can eat meat at any time.
You cover ground quickly.
You are covered in thick fur. (AC +2)
You have a slow metabolism.
Your sharp claws are effective at attacking unaware monsters.


Message History

a throwing net; a jackal corpse You tear a large gash into the net.
Harold casts a spell at you. A sentinel's mark forms upon you.
You shred the net and break free!
Harold says, "Let's make it quick, okay?
I've got mouths to feed."
Harold throws a throwing net.
The throwing net closely misses you.
Harold says, "My wife will appreciate not having to wash blood out of my clothes anymore."
Casting: Confusing Touch (safe; 10% risk of failure)
Confirm with . or Enter, or press ? or * to list all spells.
Your paws begin to glow red.
Harold hits you with a +0 long sword!!
Ouch! That really hurt!
You scratch Harold but do no damage.
Harold is lightly wounded.
Harold says, "Listen, it's nothing personal.
It's just a job."
Harold hits you with a +0 long sword!!
Ouch! That really hurt!
You die...
Kikubaaqudgha rasps: "You have failed me!
Welcome... death!"

#..#####.....##.....
......##....###.....
....................
#.......<...........
#...................
#.>>................
#..##...............
## #....##..........
#.#...@#...........
#.......@..(........
.........#.†........
.#..#######.........
##..###.##.........
# .).<............
....#.>......... ..
#..†.......
...............


You could see Harold.

Vanquished Creatures
  Pikel (D:6)
  Sigmund (D:3)
  Menkaure (D:5)
  A sky beast (D:5)
  A slave (D:6)
  4 phantoms
  A centaur (D:6)
  An ogre (D:4)
  A water moccasin zombie (Ossuary)
  A scorpion (D:7)
  2 crimson imps
  Crazy Yiuf (D:2)
  An orc priest (D:5)
  3 hounds
  A bullfrog skeleton (D:5)
  Jessica (D:1)
  An iguana (D:4)
  5 worker ants
  Natasha (D:2)
  3 big kobold zombies (Ossuary)
  3 mummies
  2 hound skeletons
  A worker ant zombie (D:5)
  6 adders
  6 gnolls
  A howler monkey skeleton (D:4)
  3 shadow imps
  2 oozes
  2 adder zombies (Ossuary)
  2 adder skeletons (D:5)
  5 worms
  2 dart slugs (D:1)
  4 leopard geckos
  16 orcs
  5 giant cockroaches
  5 gnoll zombies (Ossuary)
  10 hobgoblins
  8 jackals
  9 kobolds
  2 quokkas (D:2)
  9 bats
  3 frilled lizards
  A giant cockroach zombie (D:6)
  8 goblins
  5 hobgoblin zombies (Ossuary)
  9 kobold zombies
  7 orc zombies
  A quokka skeleton (D:5)
  8 rats
  A plant (D:1)
178 creatures vanquished.

Vanquished Creatures (others)
  A leopard gecko (D:6)
1 creature vanquished.

Grand Total: 179 creatures vanquished

Notes
Turn   | Place    | Note
-------+----------+-------------------------------------------
     0 | D:1      | IronFelid the Felid Monk began the quest for the Orb.
     0 | D:1      | Reached XP level 1. HP: 10/10 MP: 2/2
   165 | D:1      | Reached XP level 2. HP: 9/14 MP: 3/3
   663 | D:1      | Reached skill level 4 in Unarmed Combat
  1229 | D:1      | Reached XP level 3. HP: 17/17 MP: 4/4
  1820 | D:2      | Noticed Natasha
  1931 | D:2      | Found a runed translucent door.
  1932 | D:2      | Noticed Crazy Yiuf
  2007 | D:2      | Reached XP level 4. HP: 17/21 MP: 5/5
  2015 | D:2      | Reached skill level 5 in Unarmed Combat
  2072 | D:2      | Noticed Jessica
  2130 | D:3      | You fall through a shaft for 2 floors!
  2130 | D:5      | Entered Level 5 of the Dungeon
  2130 | D:5      | Found a blossoming altar of Fedhas.
  2258 | D:1      | Killed Jessica
  2258 | D:1      | Reached XP level 5. HP: 24/24 MP: 6/6
  2332 | D:2      | Found a white marble altar of Elyvilon.
  2362 | D:2      | Found a bloodstained altar of Trog.
  2379 | D:2      | Found a sacrificial altar of Ru.
  2382 | D:2      | Found a hazy altar of Hepliaklqana.
  2403 | D:2      | Found a deep blue altar of Sif Muna.
  2470 | D:2      | Reached skill level 6 in Unarmed Combat
  2509 | D:2      | Killed Natasha
  2552 | D:2      | Noticed Natasha
  2601 | D:2      | Killed Crazy Yiuf
  2775 | D:3      | Found a glowing silver altar of Zin.
  2856 | D:3      | Noticed Sigmund
  2932 | D:3      | Killed Sigmund
  2932 | D:3      | Reached skill level 7 in Unarmed Combat
  2932 | D:3      | Gained mutation: You are covered in thick fur. (AC +2)
                  | [Felid growth]
  2932 | D:3      | Reached XP level 6. HP: 21/28 MP: 7/7
  3303 | D:4      | Found Rutaw's Gadget Emporium.
  3313 | D:4      | Found a hide-covered altar of Uskayaw.
  3421 | D:4      | Reached skill level 8 in Unarmed Combat
  3421 | D:4      | Reached XP level 7. HP: 21/31 MP: 8/8
  3520 | D:4      | Learned a level 1 spell: Confusing Touch
  3746 | D:5      | Noticed Menkaure
  3762 | D:4      | Reached skill level 9 in Unarmed Combat
  3876 | D:5      | Killed Menkaure
  3876 | D:5      | Reached XP level 8. HP: 22/34 MP: 7/10
  3935 | D:5      | Reached skill level 1 in Spellcasting
  3935 | D:5      | Reached skill level 1 in Hexes
  4143 | D:5      | Reached skill level 10 in Unarmed Combat
  4566 | D:6      | Found Gadeihif's Armour Emporium.
  4602 | D:6      | Noticed Pikel
  4617 | D:6      | Killed Pikel
  4798 | D:6      | Slain by a centaur
  4799 | D:6      | Reached XP level 7. HP: -2/31 MP: 9/9
  4812 | D:6      | Found a staircase to the Ecumenical Temple.
  4842 | D:6      | Found a sand-covered staircase.
  4870 | D:6      | Reached XP level 8. HP: 34/34 MP: 10/10
  4873 | Ossuary  | Entered an ossuary
  4971 | Ossuary  | Reached skill level 11 in Unarmed Combat
  5470 | Temple   | Entered the Ecumenical Temple
  5519 | Temple   | Became a worshipper of Kikubaaqudgha
  5519 | Temple   | Reached * piety under Kikubaaqudgha
  5519 | Temple   | Identified Kikubaaqudgha's Handbook of Evil (Kikubaaqudgha
                  | gifted it to you in the Ecumenical Temple)
  5519 | Temple   | Received a gift from Kikubaaqudgha
  5519 | Temple   | Reached ** piety under Kikubaaqudgha
  5709 | D:7      | Noticed Harold
  5729 | D:7      | Mangled by Harold
  5730 | D:7      | Reached XP level 7. HP: -11/31 MP: 9/9
  5758 | D:7      | Mangled by Harold

Skill      XL: |  1  2  3  4  5  6  7  8 |
---------------+-------------------------+-----
Unarmed Combat | 4 5 7 8 9 11 | 11.2
Spellcasting   | 1 |  1.1
Hexes          | 3 |  3.0
Stealth        | 7 |  7.2
Fighting       | |  3.0
Dodging        | |  4.0

Action                   |  1- 3 |  4- 6 |  7- 9 || total
-------------------------+-------+-------+-------++-------
Melee: Unarmed           |   189 |   187 |   304 ||   680
       Punch             |     8 |     3 |    15 ||    26
       Bite              |    24 |    21 |    47 ||    92
 Cast: Confusing Touch   |       |       |    33 ||    33
  Use: Potion            |       |     1 |       ||     1
       Scroll            |       |       |     2 ||     2
 Stab: Sleeping          |     3 |     3 |    18 ||    24
       Confused          |       |       |    19 ||    19
  Eat: Chunk             |    10 |     2 |    11 ||    23
Armor: Skin              |    11 |     5 |    10 ||    26
Dodge: Dodged            |   106 |   127 |   175 ||   408
